Map: 이터널 엠파이어 - 래더

Players

LiquidClem (Clem)

  • Race: Terran Terran
  • Spawn Location: 1:00

Solar - Winner!

  • Race: Zerg Zerg
  • Spawn Location: 7:00

Event: StayAtHomestory Cup #2

VOD

Have the link to the VOD?

Description

Time

  • Played on: June 13, 2020, 9:01 a.m.
  • Length: 23:08

All games in this series

Show
View Real Time Build Order
Export as new Build Order

LiquidClem Terran 

Build Orders: Reaper Expand 

Get SALT Encoding   

  12  0:01  SCV  
  13  0:13  SCV  
  14  0:17  Supply Depot  
  14  0:25  SCV  
  15  0:38  SCV  
  15  0:40  Barracks  
  16  0:44  Refinery  
  16  0:51  SCV  
  17  1:03  SCV  
  18  1:15  SCV  
  19  1:27  Reaper, Orbital Command  
  20  1:40  Command Center  
  20  1:48  Supply Depot  
  20  1:52  SCV  
  21  1:59  Marine  
  22  2:04  SCV  
  22  2:07  Factory  
  23  2:17  SCV  
  23  2:21  Barracks Reactor  
  24  2:29  SCV  
  25  2:37  Command Center  
  25  2:42  SCV  
  26  2:53  Orbital Command  
  26  2:54  SCV  
  27  2:58  Barracks  
  27  3:06  SCV  
  27  3:07  Hellion  
  27  3:10  Hellion  
  32  3:13  Barracks Tech Lab  
  32  3:18  SCV  
  32  3:19  SCV  
  34  3:26  Refinery  
  34  3:30  SCV  
  34  3:31  SCV  
  34  3:32  Hellion  
  38  3:34  Hellion  
  38  3:36  Marine  
  38  3:38  Stimpack  
  41  3:42  SCV  
  41  3:43  SCV  
  43  3:49  Orbital Command  
  43  3:54  SCV  
  44  3:59  Marine  
  44  4:00  SCV  
  44  4:01  Starport  
  44  4:02  Marine x2  
  47  4:07  SCV, Factory Reactor  
  49  4:13  SCV  
  49  4:14  Supply Depot  
  49  4:16  SCV  
  51  4:17  Marine  
  51  4:20  Marine  
  51  4:22  SCV  
  54  4:25  SCV  
  54  4:26  Refinery  
  54  4:28  SCV, Marine  
  57  4:32  Supply Depot  
  57  4:35  Marine  
  57  4:37  SCV x2, Supply Depot  
  57  4:38  Marine  
  61  4:40  SCV  
  62  4:46  Marine  
  62  4:47  Medivac x2  
  62  4:49  Factory Reactor  
  62  4:50  SCV  
  68  4:53  Marine  
  68  4:54  Orbital Command  
  68  4:56  Marine, Barracks  
  68  4:57  SCV  
  71  5:00  Refinery  
  71  5:03  SCV  
  71  5:04  Marine  
  73  5:07  Supply Depot  
  73  5:09  SCV  
  74  5:14  Engineering Bay x2, Marine x2  
  74  5:15  SCV  
  74  5:18  Combat Shield  
  79  5:21  SCV x2  
  79  5:26  Marine  
  79  5:27  SCV  
  85  5:28  Hellion x2  
  85  5:29  Supply Depot  
  85  5:31  Armory  
  85  5:32  Marine  
  85  5:33  Medivac  
  88  5:36  Marine  
  88  5:39  Medivac  
  88  5:41  Supply Depot  
  91  5:44  SCV x2  
  91  5:47  Barracks Reactor  
  93  5:50  SCV, Marine  
  93  5:54  Marine x2  
  93  5:56  SCV  
  93  5:57  SCV, Supply Depot x2  
  99  5:58  Hellion  
  99  6:03  Hellion  
  99  6:04  SCV  
  104  6:08  Marine  
  104  6:09  SCV x2  
  107  6:14  Marine  
  107  6:15  Marine  
  109  6:19  SCV  
  109  6:21  SCV, Supply Depot, Refinery, Factory  
  109  6:22  Supply Depot  
  111  6:27  Barracks  
  111  6:28  Barracks  
  111  6:32  Marine  
  110  6:33  Marine x2  
  110  6:34  Marine  
  110  6:38  Marine  
  114  6:42  SCV  
  114  6:44  Terran Infantry Weapons Level 1, Terran Infantry Armor Level 1  
  114  6:46  Supply Depot  
  115  6:47  Widow Mine x2  
  115  6:49  Marine  
  115  6:51  Marine x2  
  115  6:52  Marine  
  102  7:06  Factory Tech Lab  
  102  7:07  SCV x2, Marine  
  102  7:09  Marine x2  
  102  7:11  Command Center  
  102  7:12  Supply Depot, Widow Mine x2  
  107  7:17  SCV  
  107  7:19  Barracks Reactor x2  
  107  7:22  Medivac x2  
  110  7:24  SCV  
  110  7:25  Marine  
  110  7:27  Drilling Claws  
  110  7:29  Marine x3  
  117  7:30  Marine  
  117  7:34  Missile Turret  
  117  7:37  Widow Mine x2  
  122  7:42  Terran Vehicle And Ship Armor Level 1  
  122  7:43  Marine  
  123  7:45  Widow Mine  
  123  7:46  Marine  
  123  7:47  Marine x2  
  123  7:48  Refinery  
  123  7:49  SCV x2  
  123  7:51  SCV  
  131  7:52  Marine  
  131  7:56  Supply Depot  
  131  7:58  Widow Mine  
  134  7:59  Marine x2  
  134  8:00  Marine x2  
  134  8:01  Marine  
  134  8:04  Marine  
  134  8:05  Marine  
  135  8:09  Marine, Widow Mine  
  135  8:10  Marine  
  132  8:16  Barracks  
  132  8:17  Marine x2, Barracks  
  132  8:18  Marine x2, Barracks  
  132  8:19  Widow Mine  
  138  8:22  Widow Mine  
  138  8:25  SCV x2  
  142  8:32  Marine x2  
  144  8:34  Liberator x2  
  144  8:36  Widow Mine  
  144  8:38  SCV  
  144  8:40  Marine x3  
  144  8:41  Widow Mine  
  158  8:42  Marine  
  158  8:43  Marauder, Marine  
  158  8:47  Terran Infantry Weapons Level 2  
  162  8:52  Terran Infantry Armor Level 2  
  162  8:53  Marine  
  160  9:01  Widow Mine  
  151  9:05  Marauder  
  151  9:06  Marine, Barracks Tech Lab x3  
  151  9:07  Marine  
  144  9:12  Widow Mine  
  144  9:14  SCV, Marine  
  140  9:17  Medivac, Marine x5  
  140  9:19  Widow Mine  
  140  9:20  Medivac  
  140  9:22  SCV  
  140  9:23  Marine  
  153  9:26  Planetary Fortress, Marauder  
  155  9:32  Command Center  
  155  9:34  SCV  
  155  9:36  Marauder  
  155  9:37  SCV  
  158  9:46  Widow Mine  
  158  9:47  Medivac  
  158  9:48  Marauder, Marine x3  
  158  9:49  Marine x3  
  158  9:51  Marine x2  
  158  9:52  SCV  
  164  9:56  Medivac  
  164  9:58  Marine, Widow Mine x2  
  166  10:01  Marauder  
  166  10:03  SCV, Marauder  
  166  10:06  Marine x2  
  158  10:07  Marine x2  
  158  10:10  Marauder, Widow Mine  
  158  10:12  Marine  
  150  10:17  Marine x3  
  150  10:19  SCV  
  150  10:20  Widow Mine  
  136  10:22  Widow Mine  
  136  10:23  Marine  
  136  10:24  SCV  
  136  10:25  Marine x4  
  136  10:26  Marine  
  142  10:30  Liberator x2  
  142  10:31  SCV  
  142  10:32  Widow Mine  
  142  10:35  Marauder, Marine x4  
  156  10:43  Marine x2  
  156  10:44  SCV  
  156  10:47  Hellion, Widow Mine  
  156  10:48  Supply Depot  
  163  10:50  Marauder, Marine  
  163  10:51  Marine x2  
  163  10:53  Widow Mine  
  170  11:01  Marine  
  170  11:04  Planetary Fortress, Marauder  
  171  11:10  SCV x2, Marauder, Marine x2, Widow Mine  
  179  11:15  Sensor Tower  
  179  11:22  Terran Infantry Weapons Level 3, Marine  
  179  11:26  Terran Infantry Armor Level 3, Widow Mine  
  179  11:34  Supply Depot  
  179  11:37  Medivac x2, Marauder, Marine x2  
  187  11:41  Marauder  
  187  11:49  SCV, Marine  
  187  11:51  Supply Depot  
  195  11:54  Marauder, Widow Mine x3  
  195  11:55  Marine x4  
  195  11:56  SCV, Command Center  
  195  11:59  Marine x2  
  195  12:01  Marine x2  
  200  12:02  Marine  
  200  12:05  Marauder  
  200  12:07  Medivac, Liberator  
  200  12:08  Marauder  
  198  12:13  Marine  
  190  12:15  Widow Mine  
  190  12:16  Marauder  
  190  12:18  Marine  
  190  12:19  Marine x3  
  190  12:20  Marauder  
  190  12:22  Widow Mine x2  
  178  12:24  SCV  
  178  12:27  Marauder  
  178  12:28  Starport  
  180  12:30  Marauder, Marine  
  180  12:32  Marine  
  180  12:33  Marine  
  180  12:35  Marine  
  180  12:36  Marine x2  
  186  12:37  Marauder  
  186  12:41  Widow Mine  
  187  12:44  SCV  
  187  12:45  SCV, Marauder  
  187  12:48  Marauder  
  187  12:49  Supply Depot, Marine x2  
  187  12:50  Supply Depot  
  187  12:51  Supply Depot  
  187  12:56  Marauder, Widow Mine  
  186  12:59  Marine x3  
  187  13:07  Marine x5  
  187  13:08  Medivac, Marauder x2, Widow Mine  
  187  13:09  Marauder  
  200  13:22  Command Center, Refinery  
  200  13:23  Command Center, Refinery  
  200  13:26  Unknown  
  199  13:37  Starport Reactor  
  199  13:38  Missile Turret  
  199  13:39  Missile Turret  
  199  13:40  Terran Vehicle And Ship Armor Level 2  
  196  13:43  Planetary Fortress  
  196  13:46  SCV x2  
  198  13:51  Marauder  
  198  14:00  Marauder  
  198  14:07  Medivac, Marine  
  198  14:08  Marauder, Widow Mine, Marine x3  
  198  14:09  Marauder  
  190  14:15  Liberator x2  
  190  14:16  Command Center  
  196  14:21  Unknown, Missile Turret  
  196  14:22  Liberator  
  199  14:25  Ghost Academy  
  199  14:34  Marine  
  199  14:36  Command Center x2  
  196  14:45  Command Center  
  196  14:48  Marauder  
  196  14:52  Medivac  
  198  14:57  Command Center  
  198  15:00  Missile Turret  
  198  15:09  Marauder  
  198  15:12  Marauder  
  200  15:19  Cyclone  
  200  15:23  Orbital Command  
  200  15:33  Marine, Widow Mine  
  200  15:34  Marauder, Liberator  
  197  15:40  Widow Mine  
  197  15:41  Marine x4  
  198  15:47  Marauder  
  193  15:54  Hi-Sec Auto Tracking, Neosteel Armor  
  182  15:59  Terran Vehicle And Ship Armor Level 3  
  182  16:02  Widow Mine  
  178  16:05  Liberator x2  
  178  16:07  Ghost x3, Widow Mine x2  
  178  16:08  Ghost, Marine x2  
  178  16:09  Planetary Fortress, Marine x6  
  178  16:11  SCV x2  
  185  16:17  Orbital Command  
  183  16:19  Planetary Fortress  
  183  16:23  SCV, Widow Mine  
  186  16:26  Marine x3  
  186  16:27  Marine x3  
  184  16:35  Widow Mine  
  184  16:37  Marauder x2  
  184  16:38  Medivac  
  192  16:44  Concussive Shells  
  192  16:49  Ghost x2  
  192  16:52  Planetary Fortress  
  192  17:01  Missile Turret  
  192  17:02  Command Center  
  192  17:06  SCV  
  193  17:14  Marauder  
  188  17:15  Ghost  
  190  17:24  Widow Mine  
  190  17:36  Ghost  
  186  17:39  Widow Mine x2, Liberator x3  
  187  17:46  Ghost  
  187  17:49  Marine x2  
  187  17:50  Medivac, Marauder  
  148  17:51  Widow Mine  
  148  17:53  Marine  
  148  17:55  Marauder, Marine x2  
  148  17:57  Marine  
  151  18:02  Marine x2  
  151  18:03  Widow Mine  
  133  18:05  Marauder  
  133  18:07  Marine x2  
  133  18:11  Marauder, Marine  
  132  18:13  Marine x2  
  132  18:16  Marauder x2  
  128  18:20  SCV, Medivac, Missile Turret  
  128  18:21  SCV  
  128  18:22  Medivac, Liberator x2  
  128  18:23  SCV  
  128  18:24  SCV  
  138  18:30  Siege Tank  
  138  18:31  Marine x3  
  144  18:34  Marine x2  
  144  18:35  Marine  
  144  18:36  SCV  
  144  18:38  Marine  
  144  18:39  Marine  
  144  18:40  Marine  
  150  18:42  SCV  
  151  18:48  SCV  
  151  18:49  SCV  
  151  18:50  Marauder x2, Missile Turret  
  151  18:51  Marine  
  158  18:56  Liberator  
  161  19:03  Liberator  
  161  19:04  Liberator  
  161  19:06  Marine  
  161  19:07  Marauder, Widow Mine  
  171  19:14  Liberator  
  171  19:18  Widow Mine  
  171  19:20  Marauder, Marine  
  171  19:23  SCV  
  177  19:25  Widow Mine  
  166  19:34  Marine  
  166  19:35  Marine  
  166  19:36  Marine x2  
  166  19:37  Marine  
  171  19:39  Liberator  
  171  19:43  Marauder, Marine x2  
  171  19:44  Marine x2  
  177  19:45  Liberator  
  174  19:53  SCV  
  174  19:59  SCV  
  169  20:00  SCV  
  169  20:02  Marine  
  171  20:08  Marauder x2, Marine x2  
  171  20:09  Marine x6  
  183  20:15  Command Center  
  183  20:34  Widow Mine  
  181  20:36  Widow Mine, Marine x2  
  181  20:37  Marauder, Marine x2  
  181  20:38  Marauder, Marine  
  181  20:39  Marauder  
  196  20:43  Widow Mine, Marine  
  196  20:44  Marauder  
  193  20:54  Marine x2  
  182  20:57  Widow Mine  
  182  20:58  Marauder  
  182  20:59  Marine x3  
  182  21:00  Marauder x2  
  182  21:02  Marine x3  
  182  21:04  Medivac  
  195  21:05  Ghost  
  195  21:08  Widow Mine  
  196  21:12  Marine x2, Widow Mine  
  199  21:19  Planetary Fortress  
  199  21:21  Refinery  
  199  21:22  SCV, Missile Turret, Refinery  
  198  21:25  Medivac  
  198  21:33  Medivac  
  198  21:50  Ghost x2  
  200  22:12  Ghost  
  193  22:23  Liberator  
  193  22:25  Widow Mine  
  193  22:28  Ghost  
  183  22:48  Marine x3  
  183  22:49  Marine x3  
Show
View Real Time Build Order
Export as new Build Order

Solar Zerg - Winner!

Build Orders: Hatch First 

Get SALT Encoding   

  12  0:01  Drone  
  13  0:13  Overlord  
  13  0:17  Drone  
  14  0:32  Drone x2  
  16  0:48  Hatchery  
  15  0:52  Drone  
  16  0:57  Drone  
  16  1:01  Drone  
  18  1:11  Extractor  
  18  1:16  Spawning Pool  
  16  1:19  Drone  
  16  1:23  Drone  
  18  1:30  Drone  
  19  1:41  Drone  
  20  1:52  Overlord  
  20  2:03  Zergling x4, Queen x2  
  26  2:12  Drone x2  
  28  2:30  Hatchery  
  28  2:31  Drone  
  28  2:33  Drone  
  28  2:36  Drone  
  30  2:41  Metabolic Boost  
  30  2:48  Queen  
  32  2:54  Overlord  
  32  2:56  Drone  
  34  2:58  Drone  
  34  3:01  Drone  
  34  3:02  Drone  
  36  3:13  Drone x5  
  41  3:23  Queen  
  41  3:24  Overlord  
  43  3:30  Drone  
  43  3:32  Overlord  
  44  3:41  Queen  
  44  3:43  Overlord  
  44  3:45  Drone x2  
  44  3:46  Zergling x4  
  50  3:48  Zergling x2  
  50  3:52  Drone x3  
  54  3:58  Drone x3  
  54  4:02  Queen  
  57  4:05  Overlord  
  57  4:08  Zergling x2  
  60  4:10  Drone  
  60  4:11  Drone  
  60  4:14  Zergling x2  
  60  4:16  Overlord  
  63  4:20  Drone  
  63  4:23  Drone  
  65  4:26  Evolution Chamber, Drone  
  65  4:27  Evolution Chamber  
  65  4:29  Extractor  
  65  4:30  Drone  
  64  4:35  Drone x3  
  64  4:37  Zergling x2  
  64  4:38  Drone  
  69  4:39  Drone  
  70  4:47  Overlord  
  70  4:49  Drone x7  
  77  4:55  Zerg Melee Weapons Level 1, Zerg Ground Armor Level 1  
  77  4:56  Drone  
  78  5:02  Drone x2  
  78  5:04  Drone  
  81  5:07  Extractor  
  81  5:08  Extractor  
  81  5:09  Drone  
  81  5:11  Drone, Baneling Nest  
  81  5:12  Drone x2  
  82  5:18  Drone  
  82  5:19  Overlord  
  82  5:21  Drone x4  
  87  5:22  Lair  
  87  5:25  Zergling x6  
  90  5:33  Overlord  
  90  5:39  Hatchery  
  90  5:41  Drone  
  90  5:42  Overlord  
  90  5:44  Zergling x6  
  90  5:46  Hatchery  
  90  5:47  Zergling x2  
  90  5:48  Zergling x2  
  90  5:49  Overlord  
  94  5:51  Zergling x4  
  95  5:58  Zergling x10  
  95  6:02  Baneling x7  
  95  6:04  Zergling x6  
  101  6:10  Zergling x2  
  104  6:12  Overlord  
  104  6:18  Zergling x2  
  105  6:21  Centrifical Hooks  
  105  6:22  Zergling x2  
  105  6:23  Zergling x2  
  105  6:25  Overlord  
  102  6:32  Zergling x2  
  102  6:34  Zergling x16  
  102  6:36  Baneling x4  
  110  6:43  Zergling x6  
  110  6:46  Overlord  
  111  6:48  Baneling x6  
  111  6:49  Queen x2  
  111  6:52  Zerg Ground Armor Level 2  
  115  6:56  Zergling x2  
  115  6:57  Zergling x2  
  115  6:59  Zergling x6  
  108  7:01  Zergling x2  
  108  7:02  Zergling x2  
  108  7:04  Zerg Melee Weapons Level 2  
  108  7:06  Zergling x2  
  108  7:08  Queen  
  110  7:09  Drone x2  
  110  7:10  Drone x4  
  110  7:13  Zergling x10  
  110  7:15  Baneling x2  
  123  7:17  Overseer, Baneling  
  123  7:18  Drone x2  
  125  7:23  Zergling x4  
  125  7:24  Overlord  
  125  7:27  Drone  
  128  7:33  Zergling x6  
  131  7:37  Drone x3  
  131  7:39  Baneling x5  
  131  7:43  Overlord  
  134  7:44  Zergling x6  
  134  7:47  Zergling x8  
  141  7:53  Zergling x4, Hatchery  
  142  8:00  Zergling x4  
  142  8:02  Zergling x2  
  142  8:03  Zergling x14  
  149  8:09  Zergling x6  
  145  8:13  Overseer  
  145  8:14  Extractor  
  145  8:16  Zergling x10  
  145  8:18  Infestation Pit, Baneling x7  
  147  8:21  Zergling x12  
  153  8:27  Zergling x2  
  153  8:28  Overlord  
  153  8:30  Drone  
  153  8:32  Spore Crawler  
  152  8:40  Pneumatized Carapace  
  152  8:41  Drone x6  
  154  8:43  Overseer  
  154  8:46  Zergling x20  
  168  8:51  Zergling x6  
  168  8:54  Baneling x9  
  164  8:56  Zergling x2  
  164  9:01  Zergling x6  
  161  9:03  Overlord  
  152  9:15  Zergling x28  
  154  9:18  Hive  
  154  9:24  Drone  
  155  9:25  Drone x5  
  155  9:26  Drone  
  155  9:27  Overseer, Baneling x9  
  155  9:28  Zergling x2  
  162  9:33  Zergling x4  
  162  9:38  Zergling x8  
  167  9:41  Queen  
  167  9:44  Zergling x10  
  173  9:50  Zergling x14  
  176  9:53  Baneling  
  176  9:54  Baneling x3  
  176  9:57  Baneling x8  
  176  9:58  Zergling x10  
  178  10:00  Overlord  
  178  10:05  Zergling x2  
  170  10:09  Zergling x8  
  170  10:12  Zergling x2  
  170  10:13  Zergling x6  
  165  10:19  Zergling x22  
  136  10:22  Baneling x12  
  136  10:25  Zergling x4  
  125  10:29  Queen  
  125  10:30  Drone  
  125  10:31  Spore Crawler  
  125  10:32  Adrenal Glands  
  125  10:33  Zergling x8  
  125  10:34  Unknown  
  130  10:36  Zergling x2, Ultralisk Cavern  
  130  10:39  Zergling x4  
  132  10:43  Drone x3  
  132  10:45  Spore Crawler  
  132  10:48  Zergling x4  
  135  10:51  Overlord  
  135  10:53  Hatchery  
  134  10:59  Zergling x32  
  134  11:03  Drone  
  134  11:04  Drone  
  151  11:11  Zergling x8  
  151  11:15  Zerg Melee Weapons Level 3, Zerg Ground Armor Level 3  
  151  11:18  Baneling x4  
  147  11:29  Ultralisk  
  147  11:31  Chitinous Plating  
  154  11:32  Drone  
  154  11:33  Drone x4  
  154  11:35  Extractor  
  154  11:37  Zergling x30  
  172  11:44  Drone x2  
  172  11:48  Drone x3  
  172  11:50  Ultralisk  
  172  11:53  Zergling x2  
  172  11:54  Zergling x4  
  184  11:55  Baneling x10  
  184  12:01  Zergling x10  
  184  12:05  Zergling x8  
  170  12:12  Zergling x12  
  170  12:14  Zergling x2  
  170  12:15  Zergling x4  
  166  12:17  Zergling x6  
  166  12:22  Zergling x4  
  162  12:26  Baneling x3  
  159  12:31  Zergling x12, Spire  
  156  12:37  Zergling x12  
  156  12:41  Zergling x6  
  156  12:43  Zergling x2  
  161  12:46  Baneling x9  
  161  12:48  Zergling x2  
  161  12:49  Zergling x4  
  159  12:53  Zergling x2  
  159  12:54  Zergling x4  
  159  12:57  Zergling x8  
  163  13:01  Viper  
  170  13:05  Zergling x2, Ultralisk  
  170  13:06  Zergling x4  
  170  13:12  Baneling x4  
  173  13:14  Anabolic Synthesis  
  173  13:19  Drone  
  174  13:20  Spore Crawler  
  174  13:22  Baneling  
  172  13:29  Zergling x30  
  172  13:30  Hatchery  
  185  13:39  Drone x3  
  187  13:43  Baneling x8  
  187  13:49  Corruptor x5  
  191  13:55  Corruptor x2  
  192  14:08  Corruptor x4  
  181  14:15  Zergling x14  
  188  14:19  Baneling x8  
  188  14:24  Drone  
  189  14:27  Zergling x12  
  191  14:43  Zergling x16  
  199  14:49  Zergling x10  
  199  14:57  Hatchery  
  197  15:02  Baneling x14  
  196  15:08  Zergling x8  
  195  15:16  Spore Crawler  
  195  15:18  Ultralisk  
  195  15:19  Zergling x6  
  195  15:20  Zergling x4  
  199  15:25  Hatchery  
  199  15:27  Zergling x6  
  199  15:28  Overlord x2  
  199  15:29  Overlord  
  199  15:31  Zerg Flyer Weapons Level 1  
  193  15:38  Ultralisk x2  
  199  15:44  Baneling  
  199  15:45  Baneling x21  
  199  15:47  Zergling x2  
  196  15:52  Zergling x14  
  195  15:57  Zergling x4  
  195  16:02  Zergling x6  
  186  16:11  Zergling x20, Ultralisk x3  
  186  16:14  Zergling x4  
  186  16:15  Zergling x2  
  199  16:18  Overseer  
  192  16:30  Zergling x6  
  192  16:31  Zergling x14  
  188  16:35  Zergling x2  
  188  16:36  Zergling x8  
  188  16:37  Overlord  
  193  16:41  Drone x2  
  193  16:44  Drone  
  193  16:45  Zergling x2, Drone x2  
  193  16:46  Zergling x8  
  200  16:50  Drone, Baneling x10  
  200  16:57  Baneling x19  
  200  17:05  Baneling  
  200  17:06  Overseer, Baneling x18  
  198  17:11  Zergling x6  
  198  17:23  Zergling x4  
  200  17:33  Overlord  
  200  17:34  Overlord  
  187  17:37  Zergling x10  
  187  17:38  Overlord  
  187  17:40  Zergling x12  
  185  17:44  Overlord  
  185  17:46  Zergling x8  
  185  17:49  Zergling x2, Ultralisk  
  185  17:50  Zergling x8  
  176  17:52  Zergling x2  
  176  17:53  Zergling x22  
  176  17:55  Overseer  
  176  17:56  Overseer  
  176  17:57  Corruptor x2  
  174  18:03  Zergling x4, Ultralisk x2  
  180  18:07  Zergling x8  
  180  18:09  Overseer x2  
  183  18:14  Zergling x2  
  183  18:15  Zergling x10  
  186  18:22  Ultralisk  
  186  18:23  Zergling x6, Ultralisk  
  199  18:28  Baneling x13  
  199  18:33  Baneling  
  199  18:34  Baneling x3  
  199  18:35  Baneling  
  199  18:37  Baneling  
  199  18:43  Zergling x2  
  199  18:44  Zergling x8  
  199  18:53  Unknown  
  198  19:06  Zergling x22  
  192  19:11  Zergling x2  
  192  19:12  Zergling x14  
  192  19:15  Zergling x2  
  199  19:17  Hatchery  
  199  19:22  Baneling x5  
  195  19:26  Drone x3  
  195  19:28  Zergling x8  
  195  19:29  Zergling x2  
  196  19:40  Zergling x6  
  196  19:46  Drone x3  
  196  19:48  Baneling x25  
  191  19:55  Zergling x22  
  200  20:02  Baneling x6  
  199  20:13  Spore Crawler  
  198  20:16  Baneling x4  
  198  20:27  Zergling x14  
  199  20:34  Zergling x2  
  199  20:35  Zergling x16  
  199  20:36  Zergling x4  
  199  20:37  Zergling x12  
  199  20:40  Baneling x9  
  169  20:59  Corruptor x2  
  169  21:01  Zergling x24  
  169  21:02  Zergling x18  
  192  21:09  Zergling x12  
  190  21:15  Corruptor  
  190  21:18  Zergling x14  
  195  21:25  Zergling x2  
  195  21:26  Zergling x6  
  195  21:28  Zergling x2  
  195  21:29  Overlord  
  192  21:33  Corruptor x2  
  192  21:35  Extractor  
  192  21:37  Extractor  
  194  21:43  Zergling x12  
  187  21:49  Zergling x24  
  196  21:58  Baneling x10  
  196  22:00  Baneling x4  
  196  22:01  Zergling x6  
  199  22:08  Baneling x3  
  199  22:13  Hatchery  
  199  22:14  Zergling x6  
  199  22:19  Zergling x10  
  193  22:23  Zergling x18  
  193  22:24  Zergling x6  
  197  22:30  Zergling x2  
  197  22:31  Zergling x4  
  192  22:40  Zergling x8  
  199  22:45  Zergling x4  
  199  22:50  Zergling x2  
  190  22:51  Zergling x2  
Tags
 
Add a new tag
Caveats
  • Supply blocks, unpowered buildings, or Contaminate may cause inaccurate times.
  • Supply counts are checked every 10 seconds.